 Dungeon Crawl Stone Soup version 0.30-a0-778-g2ef04afb54 (webtiles) character file.

Game seed: 9498540929573038068

1 Esekla the Sneak (level 1, 16/16 HPs)
             Began as an Octopode Delver on Feb 16, 2023.
             Quit the game on level 5 of the Dungeon.
             The game lasted 00:00:46 (65 turns).

Esekla the Sneak (Octopode Delver)                    Turns: 65, Time: 00:00:47

Health: 16/16      AC:  1    Str: 11    XL:     1   Next: 20%
Magic:  1/1        EV: 13    Int: 12    God:
Gold:   8          SH:  0    Dex: 13    Spells: 0/0 levels left

rFire   . . .      SeeInvis .    a - +0 falchion
rCold   . . .      Faith    .    (no shield)
rNeg    . . .      Spirit   .    (helmet restricted)
rPois   .          Reflect  .    (no amulet)
rElec   .          Harm     .    (no ring)
rCorr   .          Rampage  .    (no ring)
Will    .....                    (no ring)
Stlth   ++++                     (no ring)
HPRegen 0.22/turn                (no ring)
MPRegen 0.07/turn                (no ring)
                                 (no ring)
                                 (no ring)

@: no status effects
A: almost no armour, amphibious, 8 rings, camouflage 1, gelatinous body 1,
(nimble swimmer 1), tentacles
a: no special abilities


You were on level 5 of the Dungeon.
You visited 1 branch of the dungeon, and saw 1 of its levels.

You collected 8 gold pieces.

Inventory:

Hand Weapons
 a - a +0 falchion (weapon)
Wands
 c - a wand of roots (12)
 f - a wand of digging (3)
Scrolls
 b - a scroll of fog
 d - a scroll of identify {unknown}
Potions
 e - a potion of haste


   Skills:
 + Level 3.0 Fighting
 + Level 2.0 Long Blades
 + Level 2.0 Dodging
 + Level 6.7 Stealth


You couldn't memorise any spells.
You didn't know any spells.
Your spell library was empty.

Dungeon Overview and Level Annotations

Branches:
Dungeon (5/15)
 Temple: D:4-7

Altars:
Vehumet


Innate Abilities, Weirdness & Mutations

You cannot wear most types of armour.
You are amphibious.
You can wear up to eight rings at the same time.
Your skin changes colour to match your surroundings (Stealth+).
Your rubbery body absorbs attacks. (AC +1, EV +1)
((You are camouflaged when in or above water. (Stealth+)))
You have tentacles for arms and can constrict up to eight enemies at once.


Message History

Welcome, Esekla the Octopode Delver.
The Orb of Zot is coveted for many reasons.
Will you seize it for your own?
Press ? for a list of commands and other information.
Found a stone staircase leading down.
As you read the scroll of magic mapping, it crumbles to dust.
You feel aware of your surroundings.
You sensed 1 altar.
You open the door.
Found an encrusted copper wand.
There is an open door here.
A quokka comes into view.
Found 8 gold pieces.
You see here a wand of roots (12).
c - a wand of roots (12)
Found a hand axe.
You now have 8 gold pieces.
You open the door.
A jelly comes into view.
There is an open door here.
A quokka comes into view.
Found a scroll labelled YTUYPR XERGHESY.
The jelly quivers.
The jelly hits you but does no damage. The jelly closely misses you.
As you read the scroll of fear, it crumbles to dust.
You assume a fearsome visage.
The quokka looks frightened!
The jelly looks frightened!
Found an escape hatch in the ceiling.
d - a scroll labelled YTUYPR XERGHESY You barely miss the quokka.
Your attack snaps the quokka out of its fear.
You grab the quokka. You constrict the quokka. The quokka closely misses you.
You hit the quokka.
You kill the quokka!
You open the gate.
Found a radiant altar of Vehumet.
There is an open gate here.
You close the gate.
Are you sure you want to abandon this character and quit the game? (Confirm with "yes".)

,**,,*,,,,,,* #..........
,**,,,<***,,* #..........
,***,,****,,* #..........
,,,,,,,,**,####### #..........
****,,,,*,,#.....######..........
*,*,,*,*#.###.#...............
*,*,,,,,#...#.+.####.......... *
*,**,**,#._.#.+.# ##########' *
*,**,**,#...#@+.# ##. *
*,**,***#.###.### ###.. *
*,*,,,,,#.....# ##...#
****,******####### ###.....
**,,,,,,,,,,,,.,######## #...#...
**,,,,,,,,,,,,#.#......###.#.....
**,,,,,,,,,,,,#.#......'...#.#...
**,,,,,,,,,,,,#........##........
,,,,,,,,,,,,,,*#.......##.##.####


There were no monsters in sight!

Vanquished Creatures
  A quokka (D:5)
1 creature vanquished.

Notes
Turn   | Place    | Note
-------+----------+-------------------------------------------
     0 | D:5      | Esekla the Octopode Delver began the quest for the Orb.
     0 | D:5      | Reached XP level 1. HP: 16/16 MP: 1/1
    34 | D:5      | Noticed a jelly
    61 | D:5      | Found a radiant altar of Vehumet.
    65 | D:5      | Quit the game

Illustrated notes

Levels and vault maps discovered:
D:5:      layout_basic, mainiacjoe_overflow_alcove_4

Action                     || total
---------------------------++-------
  Melee: Falchion          ||     2
         Constrict         ||     1
    Use: Scroll            ||     2
 Armour: Skin              ||     1
  Dodge: Dodged            ||     2

Table legend: (Time is in decaauts)
 A = Elapsed time spent in this place.
 B = Non-inter-level travel time spent in this place.
 C = Inter-level travel time spent in this place.
 D = Time resting spent in this place.
 E = Time spent auto-exploring this place.
 F = Levels seen in this place.
 G = Mean time per level.
                   A        B        C        D        E       F      G
               +--------+--------+--------+--------+--------+-----+--------+
         Total |     65 |     65 |      0 |      0 |      0 |   1 |   65.0 |
       Dungeon |     65 |     65 |      0 |      0 |      0 |   1 |   65.0 |
               +--------+--------+--------+--------+--------+-----+--------+

Top non-repeatable levels by time:
     D:5: 65 daAuts
